 Dungeon Sprint DCSS version 0.21.1-1-g345015f (webtiles) character file.

1168 Fang the Fighter (level 8, -7/60 HPs)
             Began as a Gargoyle Berserker on July 23, 2018.
             Was a High Priest of Trog.
             Mangled by a snapping turtle (13 damage)
             ... in the Dungeon (Sprint VII: "The Pits").
             The game lasted 00:03:50 (1579 turns).

Fang the Fighter (Gargoyle Berserker)               Turns: 1579, Time: 00:03:51

Health: -7/60      AC: 10    Str: 23    XL:     8   Next: 40%
Magic:  8/8        EV: 14    Int:  8    God:    Trog [*****.]
Gold:   0          SH:  0    Dex:  9    Spells: 7/7 levels left

rFire    . . .     SeeInvis .   n - +1 hand axe (freeze)
rCold    . . .     Gourm    .   (no shield)
rNeg     + . .     Faith    .   m - +2 robe {MR+}
rPois    ∞         Spirit   .   (no helmet)
rElec    +         Reflect  .   (no cloak)
rCorr    .         Harm     .   (no gloves)
MR       +....     NoTele   +   (no boots)
Stlth    ++........             (no amulet)
HPRegen  0.20/turn              (no ring)
MPRegen  0.11/turn              (no ring)

@: berserk cooldown, slowed, very slow
A: negative energy resistance 1, electricity resistance, unbreathing,
petrification resistance, rot immunity, AC +5
a: Berserk, Trog's Hand, Brothers in Arms, Burn Spellbooks, Renounce Religion


You were in the Dungeon.
You worshipped Trog.
Trog was extremely pleased with you.
You were very hungry.

You visited 1 branch

Inventory:

Hand Weapons
 j - a +2 hand axe
 n - a +1 hand axe of freezing (weapon)
Armour
 m - a +2 robe of magic resistance (worn)
Scrolls
 i - a scroll of blinking
 k - 3 scrolls of remove curse
 l - a scroll of summoning
Potions
 a - 2 potions of invisibility
 d - 6 potions of curing
 e - 5 potions of heal wounds
 f - a potion of haste
 g - 4 potions of magic
 h - 3 potions of berserk rage
Comestibles
 b - a chunk of flesh
 c - 9 rations


   Skills:
 + Level 11.7 Fighting
 + Level 10.7 Axes
 + Level 4.9 Armour
 + Level 6.6 Dodging
 + Level 3.8 Stealth


You had 7 spell levels left.
You didn't know any spells.

Dungeon Overview and Level Annotations

Branches:
Dungeon (1/1)

Altars:
Cheibriados
Dithmenos
Elyvilon
Fedhas
Gozag
Hepliaklqana
Makhleb
Nemelex Xobeh
Okawaru
Qazlal
Ru
Sif Muna
Trog
Vehumet
Wu Jian
Xom
Yredelemnul
Zin
The Shining One
Beogh
Jiyva
Lugonu


Innate Abilities, Weirdness & Mutations

You are resistant to torment.
Your stone body is resilient. (AC +5)
You are immune to poison.
You resist negative energy. (rN+)
You are resistant to electric shocks. (rElec)
You can survive without breathing.
You are immune to petrification.
You are immune to rotting.


Message History

You are too injured to fight recklessly!
You are too injured to fight recklessly!
You are too injured to fight recklessly!
You are too injured to fight recklessly!
You are too injured to fight recklessly!
You are too injured to fight recklessly!
You are too injured to fight recklessly!
You are too injured to fight recklessly!
You are too injured to fight recklessly!
You hit the snapping turtle but do no damage.
The snapping turtle is moderately wounded.
The snapping turtle misses you.
Your two-headed ogre goes berserk!
You are feeling very hungry.
The snapping turtle bites you but does no damage.
The snapping turtle bites you!!
* * * LOW HITPOINT WARNING * * *
Your two-headed ogre rages.
The snapping turtle bites you!
You die...

#)#..'...'.##.......#
#)#..########...<...#
#)#..'.)))[##.......#
#.#..#.)).[##.......#
#'###########.......#
#..#.#.##..##########
#.......#)######
##.#.#.##)#....#
#.......#'#@...#
##.#.#.##.'.t..+
#.......#'#.O..#
##.#.#..[)#....#
###############


You could see a snapping turtle and a friendly two-headed ogre (berserk).

Vanquished Creatures
  Pikel (D)
  A wyvern (D)
  A floating eye (D)
  A black bear (D)
  A sky beast (D)
  A gnoll shaman (D)
  An orc priest (D)
  An iron imp (D)
  2 orc wizards (D)
  A worker ant (D)
  A hell rat (D)
  4 gnolls (D)
  2 river rats (D)
  An ufetubus (D)
  2 orcs (D)
  A hobgoblin (D)
  5 jackals (D)
  A quokka (D)
  A bat (D)
29 creatures vanquished.

Vanquished Creatures (collateral kills)
  A white imp (D)
  A jackal (D)
2 creatures vanquished.

Grand Total: 31 creatures vanquished

Notes
Turn   | Place    | Note
-------+----------+-------------------------------------------
     0 | D        | Fang the Gargoyle Berserker began the quest for the Orb.
     0 | D        | Reached XP level 1. HP: 14/14 MP: 1/1
    21 | D        | Reached skill level 4 in Fighting
    21 | D        | Reached XP level 2. HP: 19/20 MP: 2/2
   115 | D        | Found a bloodstained altar of Trog.
   115 | D        | Found a deep blue altar of Sif Muna.
   115 | D        | Found a viscous altar of Jiyva.
   115 | D        | Found a hazy altar of Hepliaklqana.
   115 | D        | Found an opulent altar of Gozag.
   116 | D        | Found a glowing golden altar of the Shining One.
   116 | D        | Found a glowing silver altar of Zin.
   116 | D        | Found a basalt altar of Yredelemnul.
   116 | D        | Found a shimmering altar of Xom.
   116 | D        | Found an ornate altar of the Wu Jian Council.
   116 | D        | Found a sacrificial altar of Ru.
   116 | D        | Found a stormy altar of Qazlal.
   116 | D        | Found an iron altar of Okawaru.
   116 | D        | Found a sparkling altar of Nemelex Xobeh.
   116 | D        | Found a burning altar of Makhleb.
   116 | D        | Found a blossoming altar of Fedhas.
   116 | D        | Found a white marble altar of Elyvilon.
   116 | D        | Found a shadowy altar of Dithmenos.
   116 | D        | Found a snail-covered altar of Cheibriados.
   119 | D        | Found a corrupted altar of Lugonu.
   119 | D        | Found a radiant altar of Vehumet.
   119 | D        | Found a roughly hewn altar of Beogh.
   163 | D        | Reached ** piety under Trog
   263 | D        | Reached skill level 5 in Fighting
   263 | D        | Reached XP level 3. HP: 15/26 MP: 3/3
   565 | D        | Noticed a floating eye
   568 | D        | Reached skill level 6 in Fighting
   568 | D        | Reached XP level 4. HP: 24/32 MP: 4/4
   571 | D        | Paralysed by a floating eye for 4 turns
   575 | D        | Killed a floating eye
   575 | D        | Reached *** piety under Trog
   575 | D        | Reached skill level 7 in Fighting
   575 | D        | Reached skill level 1 in Stealth
   575 | D        | Reached XP level 5. HP: 27/39 MP: 5/5
   582 | D        | Reached skill level 8 in Fighting
   822 | D        | Noticed a sky beast
   831 | D        | Reached **** piety under Trog
   840 | D        | Reached XP level 6. HP: 45/45 MP: 6/6
   842 | D        | Reached ***** piety under Trog
   848 | D        | Killed a sky beast
   848 | D        | Reached skill level 9 in Fighting
  1113 | D        | Noticed Pikel
  1127 | D        | Killed Pikel
  1127 | D        | Reached skill level 11 in Fighting
  1127 | D        | Reached skill level 10 in Axes
  1127 | D        | Reached XP level 7. HP: 34/54 MP: 7/7
  1127 | D        | Reached XP level 8. HP: 37/60 MP: 8/8
  1340 | D        | Noticed a wyvern
  1345 | D        | Killed a wyvern
  1345 | D        | Received a gift from Trog
  1560 | D        | Noticed a snapping turtle
  1579 | D        | Mangled by a snapping turtle

Skill      XL: |  1  2  3  4  5  6 |
---------------+-------------------+-----
Fighting       | 4 5 6 7 8 11 | 11.7
Axes           | 3 4 6 7 10 | 10.7
Dodging        | 2 3 4 6 |  6.6
Armour         | 3 4 |  4.9
Stealth        | 1 3 |  3.8

Action                   |  1- 3 |  4- 6 |  7- 9 || total
-------------------------+-------+-------+-------++-------
Melee: Hand axe          |    26 |    48 |    29 ||   103
Invok: Berserk           |     2 |     2 |     3 ||     7
       Brothers in Arms  |       |     1 |     1 ||     2
  Use: Potion            |       |     1 |       ||     1
  Eat: Chunk             |       |     5 |     3 ||     8
Armor: Animal skin       |     5 |    24 |     1 ||    30
       Robe              |       |       |     8 ||     8
Dodge: Dodged            |    24 |    23 |    12 ||    59
